 Dungeon Crawl Stone Soup version 0.24-a0-249-g2af7e83 (webtiles) character file.

Game seed: 11563915238335289346

85 MatthieuS the Firebug (level 4, 0/44 HPs)
             Began as an Ogre Wanderer on Apr 13, 2019.
             Slain by an adder (5 damage)
             ... on level 2 of the Dungeon.
             The game lasted 00:05:45 (2553 turns).

MatthieuS the Firebug (Ogre Wanderer)               Turns: 2553, Time: 00:05:45

Health: 0/44       AC:  3    Str: 14    XL:     4   Next: 48%
Magic:  1/7        EV:  9    Int: 18    God:
Gold:   70         SH:  0    Dex:  6    Spells: 1/7 levels left

rFire    + . .     SeeInvis .   a - +0 club
rCold    + . .     Gourm    .   (no shield)
rNeg     . . .     Faith    .   d - +0 robe
rPois    +         Spirit   .   (helmet restricted)
rElec    +         Reflect  .   (no cloak)
rCorr    +         Harm     .   (gloves unavailable)
MR       .....                  (boots unavailable)
Stlth    +.........             (no amulet)
HPRegen  0.14/turn              (no ring)
MPRegen  0.10/turn              (no ring)

@: lethally poisoned (0 -> -9), resistant
A: large, unfitting armour, tough skin 1
a: no special abilities


You were on level 2 of the Dungeon.
You were not hungry.

You visited 1 branch of the dungeon, and saw 2 of its levels.

You collected 70 gold pieces.

Inventory:

Hand Weapons
 a - a +0 club (weapon)
Armour
 d - a +0 robe (worn)
Scrolls
 b - a scroll of blinking {unknown}
 c - 2 scrolls of teleportation {@r4}
 f - a scroll of immolation {unknown}
 g - 2 scrolls of identify {unknown}
 i - a scroll of magic mapping {unknown}
 j - a scroll of fear {unknown}
 k - a scroll of random uselessness {unknown}
Comestibles
 e - 5 rations
 l - 2 chunks of flesh


   Skills:
 + Level 2.5 Fighting
 - Level 1.0 Throwing
 - Level 1.0 Dodging
 - Level 1.0 Unarmed Combat
 * Level 2.1 Spellcasting
 * Level 1.9 Conjurations
   Level 1.0 Hexes
 * Level 3.4 Fire Magic
   Level 1.0 Evocations


You had one spell level left.
You knew the following spells:

 Your Spells              Type           Power        Failure   Level  Hunger
a - Flame Tongue          Conj/Fire      ##...        6%          1    #......
b - Throw Flame           Conj/Fire      ##....       9%          2    ###....
d - Conjure Flame         Conj/Fire      ##......     19%         3    ###....

Your spell library contained the following spells:

 Spells                   Type           Power        Failure   Level  Hunger
 Shock                    Conj/Air       #...         12%         1    #......
 Inner Flame              Hex/Fire       #.......     22%         3    ###....
 Static Discharge         Conj/Air       #.......     36%         3    ###....
 Sticky Flame             Conj/Fire      ##......     52%         4    #####..
 Fireball                 Conj/Fire      ##........   86%         5    ######.


Dungeon Overview and Level Annotations

Branches:
Dungeon (2/15)

Altars:
The Shining One


Innate Abilities, Weirdness & Mutations

You are too large for most types of armour.
You have tough skin. (AC +1)


Message History

The flame tongue hits the adder.
Aim: an adder (moderately wounded)
The flame tongue hits the adder.
Aim: an adder (heavily wounded)
The flame tongue misses the adder.
You don't have enough magic to cast that spell.
You see here a leopard gecko skeleton.
Aim: an adder (moderately wounded)
The flame tongue misses the adder.
Aim: an adder (moderately wounded)
The flame tongue hits the adder but does no damage.
The adder bites you.
You barely miss the adder. The adder bites you.
You are poisoned.
The adder poisons you!
You hit the adder.
You feel sick. The adder bites you. x2
You closely miss the adder. The adder misses you. The adder bites you.
You closely miss the adder.
You feel sick. The adder bites you.
You are more poisoned.
The adder poisons you! The adder barely misses you.
You closely miss the adder.
You feel sick. The adder bites you.
You miss the adder. The adder bites you. The adder barely misses you.
Unknown command.
You hit the adder but do no damage.
You feel sick. The adder barely misses you. The adder closely misses you.
Aim: an adder (severely wounded)
The flame tongue hits the adder but does no damage.
You feel sick. The adder barely misses you.
You closely miss the adder. The adder bites you.
* * * LOW HITPOINT WARNING * * *
You are more poisoned.
The adder poisons you! The adder barely misses you.
You barely miss the adder.
You feel sick. The adder bites you.
* * * LOW HITPOINT WARNING * * *
You are more poisoned.
The adder poisons you!
It was a potion of resistance.
You feel protected.
You feel sick. The adder bites you.
* * * LOW HITPOINT WARNING * * *
The adder barely misses you.
You barely miss the adder.
* * * LOW HITPOINT WARNING * * *
You feel sick. The adder bites you.
* * * LOW HITPOINT WARNING * * *
Okay, then.
You hit the adder.
* * * LOW HITPOINT WARNING * * *
You feel sick. The adder completely misses you. The adder bites you.
You die...

#.##.##.#(....#.##
#.......##...##.#
####.##########.# # # #....# ##+##
#. .# ####.# ##...## ###.###.#
###.# ##.....## ##.##...# ##.#.#
##.......#
###...##.########....###.........
.........รท.....S@......'.........
###...##.########...#.##.........
##.###.# ##.##.###.......# ##....#
####.# ##.....## #.#### #.#
##...## #.# #># ###'## #.# #.#
##...## #.# #.###.....# #.#
#.........#


You could see an adder.

Vanquished Creatures
  3 adders (D:2)
  An ooze (D:2)
  A worm (D:2)
  A dart slug (D:1)
  2 leopard geckos (D:2)
  2 bats (D:1)
  6 hobgoblins
  7 jackals
  A ball python (D:1)
  5 frilled lizards (D:1)
  7 goblins
  6 kobolds
  3 rats (D:1)
45 creatures vanquished.

Notes
Turn   | Place    | Note
-------+----------+-------------------------------------------
     0 | D:1      | MatthieuS the Ogre Wanderer began the quest for the Orb.
     0 | D:1      | MatthieuS set off with the following items: a +0 club, a
                  | scroll of teleportation {@r4}, a +0 robe, a ration; and the
                  | following spells available to memorise: Flame Tongue, Throw
                  | Flame, Shock, Inner Flame, Conjure Flame, Static Discharge,
                  | Sticky Flame, Fireball
     0 | D:1      | Reached XP level 1. HP: 19/19 MP: 2/2
     2 | D:1      | Learned a level 1 spell: Flame Tongue
   211 | D:1      | Reached XP level 2. HP: 24/28 MP: 0/4
   432 | D:1      | Reached skill level 3 in Fire Magic
   653 | D:1      | Reached skill level 1 in Conjurations
   732 | D:1      | Reached XP level 3. HP: 35/35 MP: 0/5
   787 | D:1      | Learned a level 2 spell: Throw Flame
  1364 | D:2      | Found a glowing golden altar of the Shining One.
  1690 | D:2      | Reached XP level 4. HP: 32/44 MP: 0/6
  2474 | D:2      | Learned a level 3 spell: Conjure Flame
  2553 | D:2      | Slain by an adder

Levels and vault maps discovered:
D:1:      kennysheep_arrival_forest, layout_loops_ring
D:2:      layout_loops_corners, old_standard_altar, minmay_heptomino_w4,
          uniq_crazy_yiuf_cottage

Skill      XL: |  1  2  3  4 |
---------------+-------------+-----
Fighting       | 2 |  2.5
Fire Magic     | 3 |  3.4
Conjurations   | 1 |  1.9
Spellcasting   | 2 |  2.1
Throwing       | |  1.0
Dodging        | |  1.0
Unarmed Combat | |  1.0
Hexes          | |  1.0
Evocations     | |  1.0

Action                   |  1- 3 |  4- 6 || total
-------------------------+-------+-------++-------
Melee: Club              |    26 |    22 ||    48
       Punch             |     1 |       ||     1
 Cast: Flame Tongue      |    52 |    28 ||    80
       Conjure Flame     |       |     1 ||     1
  Use: Potion            |     1 |     1 ||     2
  Eat: Chunk             |     3 |       ||     3
       Ration            |       |     1 ||     1
Armor: Robe              |    29 |     5 ||    34
Dodge: Dodged            |    25 |    28 ||    53

Table legend:
 A = Non-vault XP
 B = Vault XP
 C = Vault XP percentage of total XP
 D = Non-vault monster count
 E = Vault monster count
 F = Vault count percentage of total count
                 A         B        C        D         E       F
            +---------+---------+-------+---------+---------+-------
      Total |      76 |      46 |  37.7 |      38 |       7 |  15.6
            +---------+---------+-------+---------+---------+-------
        D:1 |      42 |       0 |   0.0 |      27 |       0 |   0.0
        D:2 |      34 |      46 |  57.5 |      11 |       7 |  38.9
            +---------+---------+-------+---------+---------+-------
